 Dungeon Crawl Stone Soup version 0.28.0-1-gb440e238dd (webtiles) character file.

Game seed: 16769916508558122325

5015 ReploidZero the Covert (level 10, -1/53 HPs)
             Began as a Vine Stalker Brigand on Feb 22, 2022.
             Was a Follower of Uskayaw.
             Slain by an orc warlord (25 damage)
             ... in a bailey.
             The game lasted 00:45:43 (8736 turns).

ReploidZero the Covert (Vine Stalker Brigand)       Turns: 8736, Time: 00:45:43

Health: -1/53      AC:  3    Str: 15    XL:     10   Next: 54%
Magic:  0/16       EV: 17    Int: 11    God:    Uskayaw [*.....]
Gold:   471        SH:  0    Dex: 19    Spells: 9/9 levels left

rFire   + . .      SeeInvis .   a - +3 dagger
rCold   + . .      Faith    .   (no shield)
rNeg    . . .      Spirit   +   b - +0 robe
rPois   +          Reflect  .   j - +0 helmet
rElec   .          Harm     .   r - scarf {rC+ rF+}
rCorr   .          Rampage  .   (no gloves)
Will    +....                   (no boots)
Stlth   +++++.....              (no amulet)
HPRegen 0.97/turn               i - ring of poison resistance
MPRegen 0.15/turn               g - +4 ring of evasion

@: no status effects
A: fangs 3, regeneration 1, magic shield, antimagic bite, no potion heal 2
a: Renounce Religion, Stomp


You were in a bailey.
You worshipped Uskayaw.
Uskayaw was noncommittal.
You visited 2 branches of the dungeon, and saw 9 of its levels.
You also visited: Ossuary and Bailey.

You collected 471 gold pieces.

Inventory:

Hand Weapons
 a - a +3 dagger (weapon)
Armour
 b - a +0 robe (worn)
 c - a +0 cloak
 j - a +0 helmet (worn)
 r - a scarf of resistance (worn)
Jewellery
 g - a +4 ring of evasion (right hand)
 i - a ring of poison resistance (left hand)
 k - a ring of fire
Wands
 f - a wand of polymorph (7)
 h - a wand of charming (1)
Scrolls
 l - a scroll of acquirement
 o - 2 scrolls of teleportation
 q - a scroll of holy word
 t - a scroll of enchant weapon
 u - a scroll of fear
 v - a scroll of magic mapping
 w - 2 scrolls of fog
 x - a scroll of enchant armour {unknown}
Potions
 m - 4 potions of heal wounds
 p - a potion of flight
 s - a potion of curing
 z - a potion of cancellation {unknown}
 A - a potion of mutation {unknown}
 B - a potion of invisibility {unknown}


   Skills:
 + Level 6.7 Fighting
 + Level 6.7 Short Blades
 - Level 1.7 Throwing
 - Level 2.4 Dodging
 - Level 12.2 Stealth
 + Level 6.7 Invocations


You had 9 spell levels left.
You didn't know any spells.
Your spell library contained the following spells:

 Spells                   Type           Power      Damage    Failure   Level
 Ignite Poison            Fire/Tmut/Pois 0%         N/A       71%         3
 Mephitic Cloud           Conj/Pois/Air  0%         N/A       71%         3
 Freezing Cloud           Conj/Ice/Air   0%         6-21      100%        5


Dungeon Overview and Level Annotations

Branches:
Dungeon (8/15)             Temple (1/1) D:4         Ossuary (visited)
 Bailey (1/1)
   Lair: D:8-11

Altars:
Ashenzari
Cheibriados
Dithmenos
Elyvilon
Fedhas
Gozag
Hepliaklqana
Kikubaaqudgha
Makhleb
Nemelex Xobeh
Okawaru
Qazlal
Ru
Sif Muna
Trog
Uskayaw
Vehumet
Wu Jian
Xom
Yredelemnul
Zin
The Shining One
Lugonu

Shops:
D:4 (   D:7 (


Innate Abilities, Weirdness & Mutations

You have razor-sharp teeth.
Your natural rate of healing is unusually fast.
When hurt, damage is shared between your health and your magic reserves.
Your bite disrupts and absorbs the magic of your enemies.
Potions cannot restore your health.


Message History

The orc warlord hits you with a +0 broad axe!!!
Ouch! That really hurt!
The orc warlord is no longer moving slowly.
There is an open door here.
You see here a curare-tipped dart.
e - a curare-tipped dart Throw: dart (curare)
Press: ? - help, Q - select action, (/) - cycle Shift-Dir - straight line, f/p - orc warlord
Aim: an orc warlord, wielding a +0 broad axe and wearing a +3 chain mail of cold resistance (heavily wounded, poisoned, 71% to hit)
You throw a curare-tipped dart.
The curare-tipped dart barely misses the orc warlord.
The orc warlord misses you.
Unknown command.
Things that are here:
2 poisoned darts; a +0 hand axe; a +0 leather armour
Things that are here:
a +0 hand axe; a +0 leather armour The orc warlord looks more healthy.
Okay, then.
Okay, then.
There is an open door, spattered with blood here.
Things that are here:
a +0 hand axe; a +0 leather armour
There is a fountain of clear blue water here.
Hit: a) +3 dagger
Press: ? - help, Dir - move target, f/p - orc warlord
Aim: an orc warlord, wielding a +0 broad axe and wearing a +3 chain mail of cold resistance (moderately wounded, about 22% to evade your +3 dagger)
Okay, then.
You hit the orc warlord but do no damage.
You bite the orc warlord, but do no damage.
The orc warlord is moderately wounded.
The orc warlord hits you with a +0 broad axe.
You hit the orc warlord but do no damage.
The orc warlord is moderately wounded.
The orc warlord hits you with a +0 broad axe!!
You hit the orc warlord but do no damage.
You bite the orc warlord, but do no damage.
The orc warlord is moderately wounded.
The orc warlord hits you with a +0 broad axe!!
You die...

#...(.....#.......#...
##..(....##.......##..
#..))...#..... #..
##)))..##....o ##(
##'#### ## ##.....##
##. #)......# #..
##.......## ##..
#....@....# #...
##....o....## ##...
#.....⌠.....#######....
##....)....##.....##)))
#........)#.......#..)
##.).....##....)..##.)
#.......).....).(.'..
##.....##.......).##.
#######..)..⌠.....##


You could see an orc warlord.

Vanquished Creatures
  A two-headed ogre (D:7)
  An orc knight (Bailey)
  Grinder (D:5)
  Prince Ribbit (D:7)
  6 yaks (D:7)
  Duvessa (D:5)
  6 orc warriors (Bailey)
  A sky beast (D:6)
  An ice beast (D:4)
  A phantom (D:6)
  A centaur (D:6)
  A bullfrog (D:7)
  2 scorpions
  Dowan (D:5)
  The ghost of Dvallin the Sneak, a weakling FoDe of Sif Muna (D:3)
  2 vampire bats (D:3)
  A bullfrog zombie (D:5)
  3 hounds
  2 jellies (D:6)
  3 centaur zombies
  2 gnoll shamans
  6 orc priests
  A centaur skeleton (D:5)
  Ijyb (D:5)
  3 iguanas
  8 orc wizards
  A killer bee zombie (D:7)
  6 mummies (Ossuary)
  18 gnolls
  A howler monkey skeleton (D:7)
  6 adders
  A white imp (D:6)
  An ufetubus (D:6)
  4 dart slugs
  27 orcs
  15 bats
  9 endoplasms
  3 giant cockroaches
  21 goblins
  13 hobgoblins
  2 jackals (D:2)
  5 quokkas
  9 ball pythons
  3 frilled lizards (D:1)
  9 hobgoblin zombies (Ossuary)
  10 kobolds
  4 rats
226 creatures vanquished.

Notes
Turn   | Place    | Note
-------+----------+-------------------------------------------
     0 | D:1      | ReploidZero the Vine Stalker Brigand began the quest for
                  | the Orb.
     0 | D:1      | Reached XP level 1. HP: 11/11 MP: 2/2
   231 | D:1      | Reached skill level 5 in Stealth
   314 | D:1      | Reached XP level 2. HP: 14/14 MP: 3/3
   715 | D:1      | Reached XP level 3. HP: 11/18 MP: 1/4
  1369 | D:2      | Found a stormy altar of Qazlal.
  1491 | D:2      | Gained mutation: Your natural rate of healing is unusually
                  | fast. [Vine Stalker growth]
  1491 | D:2      | Reached XP level 4. HP: 15/23 MP: 1/5
  1935 | D:2      | Found a faded altar of an unknown god.
  2420 | D:3      | Found a large runed translucent door.
  2420 | D:3      | Found a large runed translucent door.
  2655 | D:3      | Reached skill level 6 in Stealth
  2655 | D:3      | Reached XP level 5. HP: 26/28 MP: 6/6
  2669 | D:3      | Reached skill level 7 in Stealth
  2798 | D:3      | Reached XP level 6. HP: 31/32 MP: 7/7
  2835 | D:3      | Reached skill level 8 in Stealth
  2923 | D:3      | Noticed Dvallin's ghost (weakling FoDe)
  3232 | D:3      | Killed Dvallin's ghost
  3284 | D:4      | Found a staircase to the Ecumenical Temple.
  3409 | D:4      | Reached skill level 9 in Stealth
  3409 | D:4      | Reached XP level 7. HP: 36/36 MP: 8/8
  3478 | D:4      | Found Jauschats's Antique Weapon Shoppe.
  3540 | Temple   | Entered the Ecumenical Temple
  3585 | Temple   | Became a worshipper of Uskayaw the Reveller
  3655 | D:3      | Reached * piety under Uskayaw
  3904 | D:4      | Reached ** piety under Uskayaw
  4143 | D:4      | Reached skill level 1 in Invocations
  4194 | D:5      | Entered Level 5 of the Dungeon
  4215 | D:5      | Noticed Ijyb
  4257 | D:5      | Killed Ijyb
  4258 | D:5      | Reached skill level 1 in Dodging
  4262 | D:5      | Reached *** piety under Uskayaw
  4390 | D:5      | Noticed Duvessa
  4390 | D:5      | Noticed Dowan
  4393 | D:5      | Killed Duvessa
  4399 | D:5      | Killed Dowan
  4400 | D:5      | Gained mutation: You have razor-sharp teeth. [Vine Stalker
                  | growth]
  4400 | D:5      | Reached XP level 8. HP: 40/40 MP: 5/10
  4476 | D:5      | Noticed Grinder
  4496 | D:5      | Killed Grinder
  4497 | D:5      | Reached skill level 10 in Stealth
  4985 | D:5      | Reached **** piety under Uskayaw
  5239 | D:6      | Found an opulent altar of Gozag.
  5239 | D:6      | Found a shadowy altar of Dithmenos.
  5658 | D:6      | Reached XP level 9. HP: 41/46 MP: 4/13
  5982 | D:7      | Reached skill level 11 in Stealth
  5985 | D:7      | Reached skill level 5 in Fighting
  5985 | D:7      | HP: 2/47 [yak (14)]
  5989 | D:7      | Reached skill level 5 in Short Blades
  5997 | D:7      | Reached skill level 5 in Invocations
  6145 | D:7      | Identified the +0 spear of Circularity {venom, *Rage rN+
                  | Will+}
  6248 | D:7      | Found Edef's Antique Weapon Shoppe.
  6629 | D:7      | Noticed Prince Ribbit
  6635 | D:7      | Killed Prince Ribbit
  6681 | D:7      | Noticed a two-headed ogre
  6820 | D:7      | Killed a two-headed ogre
  6821 | D:7      | Reached skill level 12 in Stealth
  6821 | D:7      | Reached XP level 10. HP: 23/53 MP: 6/15
  7176 | D:7      | Found an ancient bone altar of Kikubaaqudgha.
  7176 | D:7      | Found a white marble altar of Elyvilon.
  7178 | D:7      | Found a sacrificial altar of Ru.
  7181 | D:7      | Found a stormy altar of Qazlal.
  7182 | D:7      | Found a shimmering blue altar of Sif Muna.
  7182 | D:7      | Found a broken altar of Ashenzari.
  7182 | D:7      | Found a burning altar of Makhleb.
  7182 | D:7      | Found a glowing silver altar of Zin.
  7182 | D:7      | Found a basalt altar of Yredelemnul.
  7183 | D:7      | Found a shimmering altar of Xom.
  7184 | D:7      | Found a hazy altar of Hepliaklqana.
  7186 | D:7      | Found a sparkling altar of Nemelex Xobeh.
  7196 | D:7      | Found an ornate altar of the Wu Jian Council.
  7315 | D:8      | Found a flagged portal.
  7354 | D:8      | Found a sand-covered staircase.
  7361 | Ossuary  | Entered an ossuary
  7481 | Bailey   | Entered a bailey
  7814 | Bailey   | Noticed an orc knight
  7868 | Bailey   | Killed an orc knight
  8179 | Bailey   | Noticed an orc warlord
  8736 | Bailey   | Slain by an orc warlord

Illustrated notes

Levels and vault maps discovered:
D:1:      minmay_arrival_four_houses, layout_rooms, serial_bayou,
          serial_bayou_pond_d, serial_bayou_lagoon_a, serial_bayou_lagoon_b,
          serial_bayou_pond_c, st_stairs_10, chequers_serial_rivers_micro_d
D:2:      layout_basic, basic_altar, hellmonk_ecumenical_altar_inner_sanctum,
          minmay_misc_feat_secret_circle
D:3:      layout_basic, ebering_ghost_disaster_area, roderic_batcave
D:4:      layout_gridville, minmay_temple_entry_junction_2, serial_shops, shop
D:5:      layout_basic, uniq_ijyb, uniq_grinder, uniq_duvessa
D:6:      layout_basic, gammafunk_temple_overflow_wave
D:7:      layout_basic, minitemple, nicolae_stop_n_shop_2, uniq_prince_ribbit1
D:8:      minmay_the_grid_triangle_9x9_recursive_2
          [minmay_the_grid_triangle_9x9_prize_center,
          minmay_the_grid_triangle_9x9_semitri,
          minmay_the_grid_triangle_9x9_cache,
          minmay_the_grid_triangle_9x9_corruption], layout_loops_corners,
          gammafunk_ghost_split, chequers_ossuary_entry_cave, enter_bailey_5,
          nicolae_figureground_sparkle
Temple:   corrupted_temple
Bailey:   bailey_axe_minmay_hex_keep, bailey

Skill      XL: |  1  2  3  4  5  6  7  8  9 |
---------------+----------------------------+-----
Fighting       | 2 3 4 6 |  6.7
Short Blades   | 2 3 4 6 |  6.7
Stealth        | 5 6 7 9 10 12 | 12.2
Invocations    | 2 4 6 |  6.7
Dodging        | 1 2 |  2.4
Throwing       | |  1.7

Action                   |  1- 3 |  4- 6 |  7- 9 | 10-12 || total
-------------------------+-------+-------+-------+-------++-------
Melee: Dagger            |   103 |   124 |   370 |   256 ||   853
       Bite              |    23 |    22 |   132 |    83 ||   260
       Punch             |     1 |     3 |     4 |     3 ||    11
Throw: Dart              |       |       |     8 |    31 ||    39
       Throwing net      |       |       |       |     1 ||     1
Invok: Line Pass         |       |       |    12 |     2 ||    14
       Stomp             |       |       |       |     1 ||     1
  Use: Scroll            |     2 |     2 |     5 |     3 ||    12
       Potion            |       |       |     6 |     3 ||     9
 Stab: Sleeping          |     5 |    13 |    11 |     7 ||    36
       Confused          |       |       |     7 |     2 ||     9
       Paralysed         |       |       |     6 |     7 ||    13
Armor: Robe              |    26 |    42 |    44 |    13 ||   125
       Skin              |       |       |       |    26 ||    26
Dodge: Dodged            |    66 |    74 |   225 |   168 ||   533
